 Dungeon Crawl Stone Soup version 0.20.1-1-g8b1a95d (webtiles) character file.

162 vatarom the Agent of Entropy (level 5, -1/42 HPs)
             Began as a Demonspawn Abyssal Knight on Sept 25, 2017.
             Was a Priest of Lugonu.
             Killed from afar by Natasha (5 damage)
             ... with a magic dart
             ... on level 3 of the Dungeon.
             The game lasted 00:05:15 (2376 turns).

vatarom the Agent of Entropy (DsAK)                 Turns: 2376, Time: 00:05:16

Health: -1/42      AC:  7    Str: 13    XL:     5   Next: 19%
Magic:  8/8        EV: 17    Int: 13    God:    Lugonu [***...]
Gold:   142        SH:  0    Dex: 18    Spells: 4/4 levels left

rFire    . . .     SeeInvis .   a - +1 falchion
rCold    + . .     Gourm    .   (no shield)
rNeg     . . .     Faith    .   b - +1 leather armour
rPois    .         Spirit   .   l - +0 helmet
rElec    .         Reflect  .   (no cloak)
rCorr    .         Harm     .   (no gloves)
MR       .....                  (no boots)
Stlth    ++........             (no amulet)
Regen    0.2/turn               f - ring of wizardry
MPRegen  0.2/turn               (no ring)

@: agile
A: hooves 2, thin metallic scales 1, cold resistance 1
a: Depart the Abyss, Bend Space, Banish, Renounce Religion


You were on level 3 of the Dungeon.
You worshipped Lugonu.
Lugonu was most pleased with you.
You were not hungry.

You visited 1 branch of the dungeon, and saw 3 of its levels.
You visited the Abyss 1 time.

You collected 142 gold pieces.

Inventory:

Hand Weapons
 a - a +1 falchion (weapon)
Armour
 b - a +1 leather armour (worn)
 l - a +0 helmet (worn)
 m - a +0 buckler
Jewellery
 f - a ring of wizardry (left hand)
 k - an uncursed ring of fire {unknown}
Scrolls
 e - a scroll of blinking
 h - a scroll of enchant armour
 i - a scroll of teleportation
Potions
 g - a potion of agility
Comestibles
 c - 4 bread rations
 d - a royal jelly
 j - 3 chunks of flesh


   Skills:
 - Level 3.9 Fighting
 - Level 3.0 Long Blades
 - Level 1.7 Armour
 - Level 1.7 Dodging
 * Level 0.0 Shields
 + Level 4.5 Invocations


You had 4 spell levels left.
You didn't know any spells.

Dungeon Overview and Level Annotations

Branches:
Dungeon (3/15)

Altars:
Ashenzari
Trog

Annotations:
D:3 Natasha


Innate Abilities, Weirdness & Mutations

You have hoof-like feet.
You are partially covered in thin metallic scales. (AC +2)
Your flesh is cold resistant. (rC+)


Message History

Natasha casts a spell.
Unknown command.
You closely miss Natasha. Your kick misses Natasha.
Natasha is moderately wounded.
The kobold misses you.
You riposte.
You hit the kobold.
The kobold is moderately wounded.
The shadow imp summons a swarm of flies.
Natasha claws you but does no damage.
Unknown command.
You hit Natasha. You kick Natasha.
Natasha is severely wounded.
The kobold hits you but does no damage. The kobold misses you.
Natasha closely misses you. The kobold completely misses you.
You riposte.
You barely miss the kobold. Your kick misses the kobold.
Unknown command.
You hit Natasha. Your kick misses Natasha.
Natasha is almost dead.
Natasha casts a spell at you. The magic dart hits you!
You die...

⌠.##+##.(#..#.....# ##.#...
.........#.......## #.....
#.......#.###(....# ##...#.
#.......#.....(............
+..._...'...#...(#.###...#.
#.......#.......(#....#....
........##.##....####......
.........#........ .......
⌠.##+##.⌠#@K.####.#####....
## ####hK## ##...# 55.#
.####.(... .##.# ..........
.. .. ........†. .! #..
###..#.## ..# .. #..##..#
##. ..# .. ##.# #.#


You could see Natasha, 2 shadow imps and 2 kobolds.

Vanquished Creatures
  Natasha (D:3)
  Robin (D:3)
  4 adders
  2 oozes
  A worm (D:2)
  2 dart slugs
  4 orcs (D:3)
  A giant cockroach (D:1)
  7 goblins
  13 hobgoblins
  4 jackals (D:2)
  6 kobolds
  5 quokkas
  6 bats
  3 frilled lizards
  9 rats
  2 toadstools (D:1)
71 creatures vanquished.

Vanquished Creatures (others)
  2 toadstools (D:1)
2 creatures vanquished.

Grand Total: 73 creatures vanquished

Notes
Turn   | Place    | Note
-------+----------+-------------------------------------------
     0 | Abyss:1  | vatarom the Demonspawn Abyssal Knight began the quest for the Orb.
     0 | Abyss:1  | Reached XP level 1. HP: 18/18 MP: 2/2
     9 | D:1      | Escaped the Abyss
   120 | D:1      | Reached skill level 1 in Dodging
   210 | D:1      | Gained mutation: You are partially covered in thin metallic scales. (AC +2) [demonic ancestry]
   210 | D:1      | Reached XP level 2. HP: 24/24 MP: 4/4
   274 | D:1      | Reached skill level 3 in Invocations
   837 | D:2      | Gained mutation: You have large cloven feet. [demonic ancestry]
   837 | D:2      | Reached XP level 3. HP: 22/29 MP: 5/5
  1098 | D:2      | Reached ** piety under Lugonu
  1313 | D:2      | Gained mutation: You have hoof-like feet. [demonic ancestry]
  1313 | D:2      | Reached XP level 4. HP: 18/35 MP: 6/6
  2020 | D:2      | Found a bloodstained altar of Trog.
  2077 | D:3      | Reached skill level 4 in Invocations
  2097 | D:3      | Noticed Robin
  2117 | D:3      | Killed Robin
  2291 | D:3      | Noticed Natasha
  2302 | D:3      | Killed Natasha
  2302 | D:3      | Gained mutation: Your flesh is cold resistant. (rC+) [demonic ancestry]
  2302 | D:3      | Reached XP level 5. HP: 36/42 MP: 8/8
  2324 | D:3      | Reached *** piety under Lugonu
  2342 | D:3      | Found a shattered altar of Ashenzari.
  2363 | D:3      | Noticed Natasha
  2376 | D:3      | Killed from afar by Natasha

Skill      XL: |  1  2  3  4 |
---------------+-------------+-----
Dodging        | 1 |  1.7
Long Blades    | 2 3 |  3.0
Invocations    | 3 4 |  4.5
Fighting       | |  3.9
Armour         | |  1.7

Action                   |  1- 3 |  4- 6 || total
-------------------------+-------+-------++-------
Melee: Falchion          |    98 |    96 ||   194
       Kick              |    14 |    26 ||    40
  Use: Scroll            |     6 |     2 ||     8
       Potion            |     1 |     2 ||     3
  Eat: Chunk             |     1 |     4 ||     5
Armor: Leather armour    |    39 |    42 ||    81
Dodge: Dodged            |    72 |    81 ||   153
       Rpst.: Falchion   |    27 |    28 ||    55
